 Dungeon Crawl Stone Soup version 0.31-a0-986-g5e6e4ef867 (webtiles) character file.

Game seed: 6488261952979604616

3691 Jeffwins the Mimic (level 9, 0/59 (64) HPs)
             Began as a White Draconian Shapeshifter on Nov 25, 2023.
             Was an Initiate of Gozag.
             Slain by a wight
             ... wielding a +4 dagger
              (5 damage)
             ... on level 8 of the Dungeon.
             The game lasted 00:10:27 (6686 turns).

Jeffwins the Mimic (White Draconian Shapeshifter)   Turns: 6686, Time: 00:10:28

HP:   0/59 (64)     AC: 10    Str: 19 (21) XL:     9   Next: 90%
MP:   0/12          EV: 16    Int: 12 (14) God:    Gozag
Gold: 436           SH:  0    Dex:  7 (9)  Spells: 5/12 levels left

rFire   . .          .
                       - Unarmed
rCold   + . .        (shield currently unavailable)
rNeg    . . .        (body armour unavailable)
rPois   +            (helmet restricted)
rElec   .            x - +0 cloak
rCorr   .            u - +1 pair of gloves
SInv    .            (no boots)
Will    .....        G - amulet of guardian spirit
Stlth   +            E - +5 ring of evasion
HPRegen 0.29/turn    P - ring of poison resistance
MPRegen 0.13/turn

%: guardian spirit
@: flux-form, gold aura, glowing, drained
A: glow, contaminating, breathe frost, AC +7, unfitting armour, cold resistance
1, cold-blooded, horns 1, strong 1
a: Breathe Frost, Begin Untransformation, Renounce Religion, Potion Petition,
Call Merchant, Bribe Branch


You were on level 8 of the Dungeon.
You worshipped Gozag.
Gozag was aware of your devotion.
You were something dangerously unstable.
You visited 2 branches of the dungeon, and saw 9 of its levels.

You collected 612 gold pieces.
You spent 62 gold pieces at shops.
You paid 114 gold pieces to Gozag.


Innate Abilities, Weirdness & Mutations

You are something dangerously unstable.
You glow with magical radiation, making you easy to see and hit.
Foes you strike become dangerously contaminated with magical radiation.
You are incapable of wielding weapons or throwing items.
You can breathe waves of freezing cold which knock back foes.
Your icy white scales are hard. (AC +7)
You cannot fit into any form of body armour.
Your flesh is cold resistant. (rC+)
You are cold-blooded and may be slowed by cold attacks.
You have a pair of small horns on your head.
Your muscles are strong. (Str +4, Int/Dex -1)


   Skills:
 - Level 1.1 Fighting
 - Level 1.7 Dodging
 + Level 6.8 Unarmed Combat
 - Level 2.0 Spellcasting
 + Level 5.2 Hexes
 + Level 4.6 Necromancy
 + Level 4.9 Evocations
 * Level 8.5 Shapeshifting


You had 5 spell levels left.
You knew the following spells:

 Your Spells              Type           Power      Damage    Failure   Level
n - Dispel Undead         Necr           12%        3d9       38%         4
z - Confusing Touch       Hex            13%        N/A       10%         3

Your spell library contained the following spells:

 Spells                   Type           Power      Damage    Failure   Level
 Kiss of Death            Conj/Necr      24%        2d7       11%         1
 Gell's Gravitas          Tloc           1%         N/A       63%         3
 Teleport Other           Tloc           1%         N/A       63%         3
 Dispersal                Tloc           0%         N/A       100%        6

Inventory:

Hand Weapons
 r - a +1 heavy sling
Missiles
 a - a throwing net {=f}
 v - 29 poisoned darts
Armour
 t - a +0 kite shield
 u - a +1 pair of gloves (worn)
 x - a +0 cloak (worn)
Jewellery
 E - a +5 ring of evasion (left hand)
 G - an amulet of guardian spirit (around neck)
 L - a ring of flight
 P - a ring of poison resistance (right hand)
 Z - a ring of wizardry
Talismans
 b - a beast talisman
 c - a flux talisman (active)
Wands
 y - a wand of iceblast (19)
 C - a wand of flame (17)
Scrolls
 d - 2 scrolls of fog {unknown}
 e - a scroll of enchant armour
 f - 3 scrolls of teleportation {@r4}
 g - 3 scrolls of poison {unknown}
 h - 3 scrolls of amnesia
 k - 4 scrolls of fear {unknown}
 m - a scroll of blinking
 B - 2 scrolls of enchant weapon
Potions
 i - a potion of curing {unknown}
 j - a potion of brilliance {unknown}
 l - a potion of resistance {unknown}
 n - a potion of ambrosia {unknown}
 o - a potion of berserk rage {unknown}
 p - 3 potions of attraction {!q}
 s - 3 potions of heal wounds {unknown}
 z - 2 potions of mutation {!q}
 A - a potion of invisibility {unknown}

Dungeon Overview and Level Annotations

Branches:
Dungeon (8/15)             Temple (1/1) D:6
   Lair: D:8-11

Altars:
Ashenzari
Elyvilon
Gozag
Hepliaklqana
Makhleb
Nemelex Xobeh
Ru
Sif Muna
Trog
Uskayaw
Wu Jian
Yredelemnul
Zin
The Shining One

Shops:
D:2 ( D:3

* ...▒▒+▒▒.....▒
▒..........▒▒▒▒▒▒▒▒+
▒..........▒...▒...
▒..........▒...▒..▒
+..........'...▒..▒
▒..........▒...▒<.▒▒
▒...$..z...▒▒▒.▒▒..▒
▒.....▒▒▒z▒▒▒▒'▒▒..▒
▒.....▒.pz..▒......▒▒
▒.....▒.....▒......'▒▒
▒.<...▒.....▒......▒.▒▒
▒.....▒.....▒......▒..▒
▒.....▒▒▒▒▒▒▒▒▒▒▒▒▒▒▒▒▒
▒▒▒▒▒▒▒


You could see 2 wights.


Message History

You hit the wight.
The wight begins to glow.
The wight is moderately damaged.
You barely miss the wight.
The wight is moderately damaged.
The wight closely misses you.
You barely miss the wight.
The wight is moderately damaged.
The wight closely misses you. The wight hits you with a +3 war axe.
* * * LOW HITPOINT WARNING * * *
Unknown command.
You barely miss the wight.
The wight is moderately damaged.
The wight barely misses you. The wight hits you with a +3 war axe!
* * * LOW HITPOINT WARNING * * *
You feel drained.
* * * LOW HITPOINT WARNING * * *
Unknown command.
You barely miss the wight.
The wight is moderately damaged.
The wight hits you with a +4 dagger!
* * * LOW HITPOINT WARNING * * *
You feel drained.
* * * LOW HITPOINT WARNING * * *
The wight completely misses you.
Okay, then.
It was a potion of mutation.
You feel extremely strange.
You feel stronger. A pair of horns grows on your head!
The wight hits you with a +4 dagger.
You die...
Your body crumbles into a pile of gold.

Skill      XL: |  1  2  3  4  5  6  7  8  9 |
---------------+----------------------------+-----
Spellcasting   | 1 2 |  2.0
Hexes          | 1 2 3 4 5 |  5.2
Shapeshifting  | 4 5 6 7 8 |  8.5
Unarmed Combat | 4 5 6 |  6.8
Evocations     | 1 2 3 4 |  4.9
Necromancy     | 1 3 4 |  4.6
Fighting       | |  1.1
Dodging        | |  1.7

Action                     |  1- 3 |  4- 6 |  7- 9 || total
---------------------------+-------+-------+-------++-------
  Melee: Unarmed           |    95 |   182 |   395 ||   672
         Tailslap          |     6 |    19 |    45 ||    70
         Punch             |       |     7 |     3 ||    10
Ability: Breathe Frost     |       |       |     1 ||     1
    Use: Scroll            |     3 |     1 |     2 ||     6
         Potion            |       |     1 |     3 ||     4
   Stab: Sleeping          |     4 |       |       ||     4
         Distracted        |       |       |     1 ||     1
 Armour: Skin              |    18 |    92 |   175 ||   285
  Dodge: Dodged            |    61 |   142 |   330 ||   533
   Form: Flux              |       |       |     1 ||     1

Levels and vault maps discovered:
D:1:      roadster_arrival_rocket_small, layout_basic,
          shapermc_ecumenical_altar_gd, minmay_pentomino_v2
D:2:      layout_loops_corners, serial_shops, shop
D:3:      layout_loops_cross, mainiacjoe_overflow_surrounded_room,
          lemuel_round_altar, serial_shops, shop, minmay_misc_feat_doors
D:4:      layout_basic, serial_undead, serial_undead_f, serial_undead_b,
          serial_undead_e, serial_undead_d, minmay_misc_feat_rows,
          minmay_small_thing
D:5:      layout_rooms, trog_wizard, uniq_blork_the_orc
D:6:      layout_loops_ring, nemelex_dance_club_becter,
          minmay_temple_entry_offerings, chequers_jeans, dreamdust_gnoll_farm
D:7:      layout_basic, nicolae_ru_sacrificial_ziggurat, uniq_prince_ribbit1,
          uniq_crazy_yiuf_cottage, uniq_duvessa
D:8:      layout_gridville, nicolae_dithmenos_through_a_glass_darkly,
          fedhas_altar_decomposition, amcnicky_altar_gilded,
          chequers_temple_overflow_minitemple
Temple:   hellmonk_temple_rainy

Notes
Turn   | Place    | Note
-------+----------+-------------------------------------------
     0 | D:1      | Jeffwins the Draconian Shapeshifter began the quest for the
                  | Orb.
     0 | D:1      | Reached XP level 1. HP: 16/16 MP: 1/1
   147 | D:1      | Found a faded altar of an unknown god.
   615 | D:2      | Reached XP level 2. HP: 22/23 MP: 2/2
   831 | D:2      | Found Uvveloha's Antique Weapon Boutique.
   917 | D:2      | Reached skill level 1 in Spellcasting
  1117 | D:2      | Reached XP level 3. HP: 28/28 MP: 4/4
  1140 | D:2      | Learned a level 3 spell: Confusing Touch
  1557 | D:3      | Found a glowing silver altar of Zin.
  1893 | D:3      | Found Ciantuf's General Store.
  1915 | D:3      | Bought a scroll of identify for 20 gold pieces
  1915 | D:3      | Bought a potion of attraction for 30 gold pieces
  1915 | D:3      | Bought 2 poisoned darts for 12 gold pieces
  1920 | D:3      | Found an ornate altar of the Wu Jian Council.
  1968 | D:3      | Reached XP level 4. HP: 32/35 MP: 6/6
  2247 | D:3      | Reached skill level 1 in Hexes
  2247 | D:3      | Reached skill level 4 in Shapeshifting
  2377 | D:4      | Reached XP level 5. HP: 24/40 MP: 7/7
  2387 | D:4      | Reached skill level 2 in Spellcasting
  2540 | D:4      | Reached skill level 4 in Unarmed Combat
  2649 | D:4      | Reached XP level 6. HP: 43/47 MP: 9/9
  2733 | D:4      | Reached skill level 2 in Hexes
  2847 | D:4      | Reached skill level 5 in Shapeshifting
  2907 | D:4      | Reached skill level 1 in Evocations
  3206 | D:4      | Your scales start taking on an icy white colour.
  3206 | D:4      | Reached XP level 7. HP: 47/52 MP: 10/10
  3206 | D:4      | Gained mutation: Your flesh is cold resistant. (rC+) [White
                  | Draconian growth]
  3518 | D:5      | Entered Level 5 of the Dungeon
  3536 | D:5      | Learned a level 4 spell: Dispel Undead
  3654 | D:5      | Noticed Blork the orc
  3816 | D:5      | Reached skill level 1 in Necromancy
  3938 | D:5      | Reached skill level 2 in Evocations
  4005 | D:5      | Reached skill level 3 in Hexes
  4085 | D:5      | Found a bloodstained altar of Trog.
  4096 | D:5      | Reached skill level 5 in Unarmed Combat
  4096 | D:5      | Reached skill level 6 in Shapeshifting
  4177 | D:5      | Noticed an arcanist
  4183 | D:5      | Killed an arcanist
  4240 | D:5      | Killed Blork the orc
  4241 | D:5      | Reached XP level 8. HP: 53/59 MP: 11/11
  4354 | D:6      | Reached skill level 2 in Necromancy
  4458 | D:6      | Reached skill level 3 in Evocations
  4706 | D:6      | Noticed a two-headed ogre
  4731 | D:6      | Killed a two-headed ogre
  4732 | D:6      | Reached skill level 6 in Unarmed Combat
  4732 | D:6      | Reached skill level 4 in Hexes
  4732 | D:6      | Reached skill level 3 in Necromancy
  4732 | D:6      | Reached skill level 7 in Shapeshifting
  4732 | D:6      | Reached XP level 9. HP: 16/64 MP: 4/12
  5051 | D:6      | Reached skill level 4 in Evocations
  5110 | D:6      | Found a staircase to the Ecumenical Temple.
  5117 | Temple   | Entered the Ecumenical Temple
  5129 | Temple   | Became a worshipper of Gozag Ym Sagoz the Greedy
  5322 | D:6      | Found a sparkling altar of Nemelex Xobeh.
  5759 | D:7      | Reached skill level 4 in Necromancy
  5783 | D:7      | Reached skill level 8 in Shapeshifting
  5802 | D:7      | Noticed Duvessa
  5803 | D:7      | Noticed Dowan
  5813 | D:7      | Killed Duvessa
  5821 | D:7      | Killed Dowan
  5943 | D:7      | Reached skill level 5 in Hexes
  6320 | D:7      | Noticed Prince Ribbit
  6333 | D:7      | Killed Prince Ribbit
  6378 | D:7      | Found a sacrificial altar of Ru.
  6535 | D:7      | Found a runed translucent door.
  6536 | D:7      | Noticed Crazy Yiuf
  6542 | D:7      | Killed Crazy Yiuf
  6685 | D:8      | HP: 5/59 [wight/+4 dagger (2)]
  6686 | D:8      | Gained mutation: Your muscles are strong. (Str +4, Int/Dex
                  | -1) [potion of mutation]
  6686 | D:8      | Gained mutation: You have a pair of small horns on your
                  | head. [potion of mutation]
  6686 | D:8      | Slain by a wight

Vanquished Creatures
  A two-headed ogre (D:6)
  Prince Ribbit (D:7)
  A water moccasin (D:7)
  Duvessa (D:7)
  3 ice beasts
  2 sky beasts
  A black bear (D:6)
  3 ogres
  2 kobold brigands
  Blork the orc (D:5)
  2 bullfrogs
  A scorpion (D:5)
  A gnoll sergeant (D:7)
  A water moccasin zombie (D:4)
  A wight (D:8)
  Dowan (D:7)
  5 killer bees (D:7)
  A howler monkey (D:5)
  2 jellies
  7 hounds
  An orc priest (D:4)
  Crazy Yiuf (D:7)
  A centaur skeleton (D:4)
  3 gnoll boudas (D:4)
  2 iguanas
  2 sleepcaps (D:6)
  5 orc wizards
  A scorpion zombie (D:4)
  A hound zombie (D:4)
  2 howler monkey zombies (D:4)
  18 gnolls
  5 adders
  2 shadow imps (D:7)
  4 ufetubi
  An adder skeleton (D:4)
  2 worms
  5 dart slugs
  17 orcs
  9 endoplasms
  7 goblins
  4 hobgoblins
  5 quokkas
  5 ball pythons
  3 bats
  2 frilled lizards
  13 kobolds
  A rat (D:3)
160 creatures vanquished.

Vanquished Creatures (others)
  An arcanist (D:5)
1 creature vanquished.

Grand Total: 161 creatures vanquished

Table legend: (Time is in decaauts)
 A = Elapsed time spent in this place.
 B = Non-inter-level travel time spent in this place.
 C = Inter-level travel time spent in this place.
 D = Time resting spent in this place.
 E = Time spent auto-exploring this place.
 F = Levels seen in this place.
 G = Mean time per level.
                   A        B        C        D        E       F      G
               +--------+--------+--------+--------+--------+-----+--------+
         Total |   6634 |   6374 |    260 |    173 |   4888 |   9 |  737.1 |
       Dungeon |   6609 |   6360 |    249 |    173 |   4888 |   8 |  826.1 |
        Temple |     24 |     13 |     11 |      0 |      0 |   1 |   24.0 |
               +--------+--------+--------+--------+--------+-----+--------+

Top non-repeatable levels by time:
     D:4: 1258 daAuts
     D:6: 1244 daAuts
     D:7: 1031 daAuts
     D:2: 923 daAuts
     D:3: 828 daAuts
     D:5: 696 daAuts
     D:1: 555 daAuts
     D:8: 71 daAuts
  Temple: 24 daAuts

Table legend:
 A = Non-vault XP
 B = Vault XP
 C = Vault XP percentage of total XP
 D = Non-vault monster count
 E = Vault monster count
 F = Vault count percentage of total count
                 A         B        C        D         E       F
            +---------+---------+-------+---------+---------+-------
      Total |    4193 |    1080 |  20.5 |     140 |      20 |  12.5
            +---------+---------+-------+---------+---------+-------
        D:1 |       9 |       0 |   0.0 |       5 |       0 |   0.0
        D:2 |      59 |       0 |   0.0 |      20 |       0 |   0.0
        D:3 |      86 |       0 |   0.0 |      19 |       0 |   0.0
        D:4 |     449 |     254 |  36.1 |      27 |       9 |  25.0
        D:5 |     545 |      91 |  14.3 |      21 |       1 |   4.5
        D:6 |    1814 |     236 |  11.5 |      26 |       6 |  18.8
        D:7 |    1073 |     499 |  31.7 |      20 |       4 |  16.7
        D:8 |     158 |       0 |   0.0 |       2 |       0 |   0.0
            +---------+---------+-------+---------+---------+-------
